 Dungeon Crawl Stone Soup version 0.17-a0-2070-g2a5e0a8 (webtiles) character file.

90 Maka the Cudgeler (level 4, -2/48 HPs)
             Began as an Ogre Berserker on Oct 14, 2015.
             Was a Believer of Trog.
             Slain by a phantom (9 damage)
             ... on level 5 of the Dungeon.
             The game lasted 00:03:28 (1952 turns).

Maka the Cudgeler (Ogre Berserker)                  Turns: 1952, Time: 00:03:28

Health: -2/48      AC:  3    Str: 22    XL:     4   Next: 56%
Magic:  4/4        EV: 10    Int:  6    God:    Trog [**....]
Gold:   113        SH:  0    Dex: 13    Spells: 0 memorised, 3 levels left

rFire  . . .     SeeInvis .     a - +0 mace
rCold  . . .     Clarity  .     b - +0 animal skin
rNeg   . . .     SustAt   .     (no shield)
rPois  .         Gourm    .     (helmet restricted)
rElec  .         Spirit   .     (no cloak)
rCorr  .         Warding  .     (gloves unavailable)
rMut   .         Stasis   .     (boots unavailable)
MR     ++...                    i - amulet of faith
Stlth  +.........               (no ring)
                                k - +3 ring of dexterity

@: exhausted, regenerating, slowed, very slow, very resistant to hostile
enchantments, very unstealthy
A: unfitting armour, tough skin 1
a: Burn Spellbooks, Berserk, Trog's Hand, Renounce Religion


You were on level 5 of the Dungeon.
You worshipped Trog.
Trog was pleased with you.
You were near starving.

You visited 1 branch of the dungeon, and saw 4 of its levels.

You collected 113 gold pieces.

Inventory:

Hand Weapons
 a - a +0 mace (weapon)
Missiles
 n - a throwing net (quivered)
Armour
 b - a +0 animal skin (worn)
Jewellery
 i - an amulet of faith (around neck)
 k - a +3 ring of dexterity (left hand)
Scrolls
 e - 3 scrolls of teleportation {unknown}
 g - a scroll of noise {unknown}
 l - a scroll of identify {unknown}
 m - a scroll of remove curse {unknown}
Potions
 d - a potion of curing
 f - 2 potions of mutation {unknown}
 h - a potion of ambrosia {unknown}
 j - a potion of haste {unknown}
 o - 2 potions of poison {unknown}
Comestibles
 c - 4 bread rations


   Skills:
 - Level 4.0 Fighting
 + Level 6.8 Maces & Flails
 - Level 2.6 Dodging


You had 3 spell levels left.
You didn't know any spells.

Dungeon Overview and Level Annotations

Branches:
Dungeon (5/15)
 Temple: D:4-7

Altars:
Qazlal


Innate Abilities, Weirdness & Mutations

You are too large for most types of armour.
You have tough skin (AC +1).


Message History

A phantom opens the door.
You open the door.
The phantom blinks!
Found a green potion.
There is an open door here.
There's a creature in the doorway!
You sock the phantom!
The phantom is moderately damaged.
The phantom hits you.
* * * LOW HITPOINT WARNING * * *
You sock the phantom!
The phantom is heavily damaged.
The phantom hits you.
* * * LOW HITPOINT WARNING * * *
The phantom hits you.
* * * LOW HITPOINT WARNING * * *
Use which ability?
Your skin crawls.
You feel resistant to hostile enchantments.
You feel slightly more hungry. The phantom hits you!
You die...

##≈§§...§≈≈#####.# .%.
###§≈§§§≈##..##.#...#.
########...'.........
#.........##........
#.......######.##.#
##.....## ## ##...##
##W## #@# #.# #.# !..
... #...# ##.## ...


You could see a phantom.

Vanquished Creatures
  A worker ant (D:5)
  2 adders (D:2)
  A worm (D:2)
  2 giant geckos
  2 ball pythons (D:2)
  5 bats (D:1)
  A giant cockroach (D:5)
  9 goblins
  7 hobgoblins
  4 kobolds
  2 quokkas
  A giant newt (D:5)
  3 jackals (D:2)
  6 rats
46 creatures vanquished.

Notes
Turn   | Place    | Note
--------------------------------------------------------------
     0 | D:1      | Maka the Ogre Berserker began the quest for the Orb.
     0 | D:1      | Reached XP level 1. HP: 24/24 MP: 1/1
    72 | D:1      | Reached XP level 2. HP: 26/32 MP: 2/2
   127 | D:1      | Reached skill level 5 in Maces & Flails
   586 | D:1      | Reached ** piety under Trog
   586 | D:1      | Reached XP level 3. HP: 39/39 MP: 3/3
  1092 | D:2      | Reached skill level 6 in Maces & Flails
  1359 | D:2      | Reached XP level 4. HP: 48/48 MP: 4/4
  1865 | D:3      | Found a stormy altar of Qazlal.
  1901 | D:3      | You fall through a shaft for 2 floors!
  1901 | D:5      | Entered Level 5 of the Dungeon
  1901 | D:5      | Noticed a phantom
  1952 | D:5      | Slain by a phantom

Vault maps used:
D:1:      dpeg_arrival_rooms_b
D:3:      nicolae_overflow_crystal_walls, minmay_misc_feat_hallway,
          dk_vineyard_1, grunt_ministairs_5, uniq_crazy_yiuf_cottage
D:5:      first_bread, kennysheep_potato

Action                   |  1- 3 |  4- 6 || total
-------------------------+-------+-------++-------
Melee: Mace              |   114 |    48 ||   162
Invok: Trog's Hand       |       |     2 ||     2
       Berserk           |       |     1 ||     1
  Use: Potion            |       |     1 ||     1
  Eat: Chunk             |     2 |     1 ||     3
